Flames vs Kings

Created - April 11, 2024 at 22:00

Goals
1 2 3 T
Flames 3 2 3 8
Kings 0 0 0 0
Shots
1 2 3 T
Flames 19 18 21 58
Kings 8 2 3 13

1st period

1. Flames , Brayden Schenn 22 (Jake DeBrusk 41, Jared McCann 36) at 2:10
2. Flames , Jared McCann 35 (Brayden Schenn 40, Jake DeBrusk 42) at 4:43
3. Flames , Mark Stone 26 (Adam Fox 59, Drake Batherson 23) at 11:19 (PP)

Penalties :
Jerad Rosburg (LAK) for Holding (Minor) at 10:02, Billy Sweezey (LAK) for Slashing (Minor) at 13:25, Jerad Rosburg (LAK) for High sticking (Minor) at 17:39

2nd period

4. Flames , Jake DeBrusk 23 (Brayden Schenn 41, Ryan Lindgren 17) at 1:15
5. Flames , Jake DeBrusk 24 (Anthony Cirelli 36, J.J. Moser 39) at 16:35 (PP)

Penalties :
Will Riedell (LAK) for Interference (Minor) at 6:58, Billy Sweezey (LAK) for Hooking (Minor) at 9:55, Billy Sweezey (LAK) for Hooking (Minor) at 16:02, Pierre-Cedric Labrie (LAK) for Tripping (Minor) at 17:49

3rd period

6. Flames , Kirby Dach 18 (J.J. Moser 40) at 11:39
7. Flames , Kirby Dach 19 (Jared McCann 37, J.J. Moser 41) at 15:29 (PP)
8. Flames , Anthony Cirelli 17 (Alex DeBrincat 40, Kirby Dach 32) at 18:25 (PP)

Penalties :
Jamie Devane (LAK) for Roughing (Minor) at 1:12, Tyson Empey (LAK) for Slashing (Minor) at 11:46, Josh Healey (LAK) for Interference (Minor) at 13:58, Billy Sweezey (LAK) for Delaying the game (Minor) at 18:05

Goalie Stats

Spencer Knight (CAL), 13 saves from 13 shots - (1.000), W, 30-4-4, 60:00 minutes
Maxime Lagace (LAK), 7 saves from 9 shots - (0.778), 6:08 minutes
Dylan Wells (LAK), 43 saves from 49 shots - (0.878), L, 2-14-2, 53:52 minutes

Players Stats for Flames

Player Name              G  A  P  +/- PIM S  H  SB GA TA FO     MP     PP MP  PK MP  
------------------------------------------------------------------------------------
Adam Fox                 0  1  1   0  0   2  0  1  0  0  0/0    23:50   8:39   0:00 
Alex DeBrincat           0  1  1   0  0   7  2  0  0  0  0/1    19:05   8:52   0:00 
Alexander Wennberg       0  0  0   0  0   3  0  0  0  0  7/13   12:00   0:36   0:00 
Anthony Cirelli          1  1  2   0  0   7  1  0  0  0  11/21  19:05   8:52   0:00 
Brayden Schenn           1  2  3   3  0   2  1  0  0  0  15/23  18:53   8:22   0:00 
Brian Dumoulin           0  0  0   1  0   2  0  1  0  0  0/0    15:07   0:00   0:00 
Colton Parayko           0  0  0   1  0   0  1  2  0  0  0/0    16:14   0:20   0:00 
Drake Batherson          0  1  1   0  0   6  3  0  0  0  2/3    19:46   8:22   0:00 
J.J. Moser               0  3  3   3  0   4  0  0  0  0  0/0    21:03   8:55   0:00 
Jake DeBrusk             2  2  4   3  0   7  1  0  0  0  1/5    19:43   9:12   0:00 
Jared McCann             1  2  3   3  0   5  0  0  0  0  0/0    18:37   8:06   0:00 
Kirby Dach               2  1  3   1  0   7  1  0  0  0  0/1    19:13   8:55   0:00 
Mark Stone               1  0  1   0  0   3  1  0  0  0  0/2    18:32   8:19   0:00 
Nick Leddy               0  0  0   0  0   0  1  0  0  0  0/0    14:24   0:00   0:00 
Nico Sturm               0  0  0   1  0   2  1  0  0  0  11/13  10:18   0:00   0:00 
Noah Cates               0  0  0   0  0   1  1  0  0  0  1/3    11:24   0:00   0:00 
Ryan Lindgren            0  1  1   3  0   0  3  1  0  0  0/0    12:08   0:00   0:00 
Yegor Sharangovich       0  0  0   1  0   0  0  0  0  0  0/1    10:38   0:20   0:00 

Players Stats for Kings

Player Name              G  A  P  +/- PIM S  H  SB GA TA FO     MP     PP MP  PK MP  
------------------------------------------------------------------------------------
Billy Sweezey            0  0  0  -1  8   0  5  2  0  0  0/0    24:10   0:00   5:16 
Brandon Baddock          0  0  0   0  0   1  2  0  0  0  7/21   21:00   0:00   9:28 
Cedric Lacroix           0  0  0   0  0   1  0  1  0  0  0/1    16:51   0:00   5:19 
Jamie Devane             0  0  0  -2  2   2  1  0  0  0  2/2    13:05   0:00   0:28 
Jerad Rosburg            0  0  0  -1  4   0  4  0  0  0  0/0    19:09   0:00   7:20 
Jesperi Kotkaniemi       0  0  0  -1  0   0  2  0  0  0  3/10   10:39   0:00   0:42 
Joey Abate               0  0  0  -2  0   0  1  0  0  0  7/18   12:38   0:00   0:00 
John Parker-Jones        0  0  0   0  0   0  0  1  0  0  0/0    11:43   0:00   1:44 
Jordan Greenway          0  0  0  -1  0   1  0  0  0  0  0/1    11:43   0:00   2:55 
Josh Healey              0  0  0  -1  2   0  5  1  0  0  0/0    16:05   0:00   3:43 
Mason Geertsen           0  0  0  -2  0   1  1  1  0  0  0/0    18:47   0:00   7:29 
Mitch McLain             0  0  0  -1  0   0  0  0  0  0  5/8    14:33   0:00   5:45 
Pierre-Cedric Labrie     0  0  0  -2  2   2  0  0  0  0  0/1    12:37   0:00   0:00 
Ryan McLeod              0  0  0   0  0   3  0  0  0  0  7/11   11:32   0:00   0:00 
Teuvo Teravainen         0  0  0  -1  0   2  0  1  0  0  0/1    10:35   0:00   1:07 
Tyson Empey              0  0  0  -1  2   0  3  0  0  0  0/0    17:27   0:00   8:10 
Vincent Arseneau         0  0  0  -2  0   0  0  1  0  0  7/12   19:29   0:00   1:42 
Will Riedell             0  0  0  -2  2   0  5  2  0  0  0/0    20:12   0:00   9:08 

3 Stars

1 - Jake DeBrusk (CAL)
2 - Brayden Schenn (CAL)
3 - Kirby Dach (CAL)

Power Play

Flames - 4 on 11 Attempt(s) - 36.36%
Kings - 0 on 0 Attempt(s) - 0.00%

Penalty Kill

Flames - 0 on 0 Attempt(s) - 0.00% - Score 0 goal in Penalty Kill
Kings - 7 on 11 Attempt(s) - 63.64% - Score 0 goal in Penalty Kill

Team Stat

Flames - Hits : 17 - Faceoff Wins : 48 - Blocked Shots : 5 - Penalty Minutes : 0
Kings - Hits : 29 - Faceoff Wins : 38 - Blocked Shots : 10 - Penalty Minutes : 22

Official

Referees : Marc Joannette and Tom Chmielewski
Linesman : Caleb Apperson and Justin Johnson

Game Notes

Dylan Wells is injured at 13:52 of 3rd period (Fractured Metatarsal (Left Foot))
Maxime Lagace enters game at 13:52 of 3rd period

Finance

Level 1 -- Attendance: 6000 (100.00%) -- Ticket Income $390,000
Level 2 -- Attendance: 5000 (100.00%) -- Ticket Income $225,000
Level 3 -- Attendance: 2000 (100.00%) -- Ticket Income $80,000
Level 4 -- Attendance: 4000 (100.00%) -- Ticket Income $140,000
Luxury Box -- Attendance: 1000 (100.00%) -- Ticket Income $100,000
Game was played at the Staples Center.
Total Attendance: 18000 (100.00%)
Total Ticket Income: $935,000
Other Income: $458,150
Total Income: $1,393,150

Flames

5 vs 5 Forward 
   Center                   Left Wing                Right Wing               Time % Phy DF OF 
 1 Anthony Cirelli          Alex DeBrincat           Mark Stone               25     0   3  2  
 2 Brayden Schenn           Jared McCann             Jake DeBrusk             25     0   3  2  
 3 Alexander Wennberg       Noah Cates               Drake Batherson          25     0   4  1  
 4 Nico Sturm               Yegor Sharangovich       Kirby Dach               25     0   4  1  

5 vs 5 Defense 
   Defense                  Defense                                           Time % Phy DF OF 
 1 Nick Leddy               Adam Fox                                          34     0   4  1  
 2 Brian Dumoulin           Colton Parayko                                    32     0   4  1  
 3 Ryan Lindgren            J.J. Moser                                        30     0   4  1  
 4 Colton Parayko           Adam Fox                                          4      0   4  1  

PowerPlay Forward 
   Center                   Left Wing                Right Wing               Time % Phy DF OF 
 1 Anthony Cirelli          Alex DeBrincat           Jake DeBrusk             50     0   0  5  
 2 Brayden Schenn           Jared McCann             Drake Batherson          50     0   0  5  

PowerPlay Defense
   Defense                  Defense                                           Time % Phy DF OF 
 1 Mark Stone               Adam Fox                                          50     0   1  4  
 2 Kirby Dach               J.J. Moser                                        50     0   1  4  

Penalty Kill 4 Players Forward 
   Center                   Wing                     Time % Phy DF OF 
 1 Alexander Wennberg       Yegor Sharangovich       50     0   5  0  
 2 Nico Sturm               Noah Cates               50     0   5  0  

Penalty Kill 4 Players Defense
   Defense                  Defense                  Time % Phy DF OF 
 1 Ryan Lindgren            Adam Fox                 50     0   4  1  
 2 Brian Dumoulin           Colton Parayko           50     0   4  1  

Penalty Kill - 3 Players Forward 
   Forward                                           Time % Phy DF OF 
 1 Nico Sturm                                        50     0   5  0  
 2 Alexander Wennberg                                50     0   5  0  

Penalty Kill - 3 Players Defense
   Defense                  Defense                  Time % Phy DF OF 
 1 Brian Dumoulin           Adam Fox                 50     0   4  1  
 2 Nick Leddy               Colton Parayko           50     0   4  1  

4 vs 4 Forward 
   Center                   Wing                     Time % Phy DF OF 
 1 Brayden Schenn           Alex DeBrincat           50     0   3  2  
 2 Anthony Cirelli          Jared McCann             50     0   3  2  

4 vs 4 Defense
   Defense                  Defense                  Time % Phy DF OF 
 1 J.J. Moser               Adam Fox                 50     0   4  1  
 2 Nick Leddy               Colton Parayko           50     0   4  1  

Last Minutes Offensive
   Center                   Left Wing                Right Wing               Defense                  Defense                  
   Brayden Schenn           Jared McCann             Mark Stone               J.J. Moser               Adam Fox                 

Last Minutes Defensive
   Center                   Left Wing                Right Wing               Defense                  Defense                  
   Alexander Wennberg       Anthony Cirelli          Mark Stone               Brian Dumoulin           Colton Parayko           

Goaltenders
Starting : Spencer Knight           
Backup : Logan Thompson           

Extra Forwards
Normal : Alexander Wennberg, Drake Batherson, Noah Cates - PP : Alexander Wennberg, Kirby Dach - PK : Anthony Cirelli
Extra Defensemen
Normal : Ryan Lindgren, Nick Leddy, Brian Dumoulin - PP : Colton Parayko - PK : J.J. Moser, Nick Leddy
Penalty Shots
Alex DeBrincat, Kirby Dach, Drake Batherson, Anthony Cirelli, Yegor Sharangovich
Custom OT Lines Forwards
Mark Stone, Jared McCann, Alex DeBrincat, Jake DeBrusk, Brayden Schenn, Alexander Wennberg, Drake Batherson, Anthony Cirelli, Kirby Dach, Noah Cates
Custom OT Lines Defensemen
Adam Fox, Colton Parayko, Brian Dumoulin, J.J. Moser, Nick Leddy

Scratches
John-Jason Peterka (Healthy), Troy Terry (Healthy), Kevin Stenlund (Healthy)

Kings

5 vs 5 Forward 
   Center                   Left Wing                Right Wing               Time % Phy DF OF 
 1 Vincent Arseneau         Mitch McLain             Jordan Greenway          25     3   1  1  
 2 Ryan McLeod              Brandon Baddock          Cedric Lacroix           25     3   1  1  
 3 Joey Abate               Pierre-Cedric Labrie     Jamie Devane             25     3   1  1  
 4 Jesperi Kotkaniemi       Teuvo Teravainen         Vincent Arseneau         25     3   1  1  

5 vs 5 Defense 
   Defense                  Defense                                           Time % Phy DF OF 
 1 Josh Healey              Jerad Rosburg                                     25     3   1  1  
 2 Billy Sweezey            Tyson Empey                                       25     3   1  1  
 3 Mason Geertsen           Will Riedell                                      25     3   1  1  
 4 Billy Sweezey            John Parker-Jones                                 25     3   1  1  

PowerPlay Forward 
   Center                   Left Wing                Right Wing               Time % Phy DF OF 
 1 Cedric Lacroix           Joey Abate               Mitch McLain             60     5   0  0  
 2 Brandon Baddock          Mason Geertsen           Jesperi Kotkaniemi       40     5   0  0  

PowerPlay Defense
   Defense                  Defense                                           Time % Phy DF OF 
 1 John Parker-Jones        Billy Sweezey                                     60     5   0  0  
 2 Billy Sweezey            Will Riedell                                      40     5   0  0  

Penalty Kill 4 Players Forward 
   Center                   Wing                     Time % Phy DF OF 
 1 Brandon Baddock          Tyson Empey              60     5   0  0  
 2 Mitch McLain             Cedric Lacroix           40     5   0  0  

Penalty Kill 4 Players Defense
   Defense                  Defense                  Time % Phy DF OF 
 1 Will Riedell             Jerad Rosburg            60     5   0  0  
 2 Mason Geertsen           Billy Sweezey            40     5   0  0  

Penalty Kill - 3 Players Forward 
   Forward                                           Time % Phy DF OF 
 1 Cedric Lacroix                                    60     1   2  2  
 2 Teuvo Teravainen                                  40     1   2  2  

Penalty Kill - 3 Players Defense
   Defense                  Defense                  Time % Phy DF OF 
 1 Billy Sweezey            Jerad Rosburg            60     1   2  2  
 2 Mason Geertsen           Will Riedell             40     1   2  2  

4 vs 4 Forward 
   Center                   Wing                     Time % Phy DF OF 
 1 Jamie Devane             Mason Geertsen           60     5   0  0  
 2 Cedric Lacroix           Jordan Greenway          40     5   0  0  

4 vs 4 Defense
   Defense                  Defense                  Time % Phy DF OF 
 1 Will Riedell             Tyson Empey              60     5   0  0  
 2 Billy Sweezey            Mason Geertsen           40     5   0  0  

Last Minutes Offensive
   Center                   Left Wing                Right Wing               Defense                  Defense                  
   Mitch McLain             Brandon Baddock          Jordan Greenway          Tyson Empey              Billy Sweezey            

Last Minutes Defensive
   Center                   Left Wing                Right Wing               Defense                  Defense                  
   Mitch McLain             Brandon Baddock          Jordan Greenway          Billy Sweezey            Tyson Empey              

Goaltenders
Starting : Dylan Wells              
Backup : Maxime Lagace            

Extra Forwards
Normal : Jordan Greenway, Ryan McLeod, Mitch McLain - PP : Jordan Greenway, Brandon Baddock - PK : Jordan Greenway
Extra Defensemen
Normal : John Parker-Jones, Mason Geertsen, Billy Sweezey - PP : Mason Geertsen - PK : Tyson Empey, Billy Sweezey
Penalty Shots
Jordan Greenway, Ryan McLeod, Mitch McLain, Brandon Baddock, Mason Geertsen
Custom OT Lines Forwards
Joey Abate, Ryan McLeod, Tyson Empey, Jordan Greenway, Mitch McLain, Brandon Baddock, Mason Geertsen, Jamie Devane, Vincent Arseneau, Teuvo Teravainen
Custom OT Lines Defensemen
Tyson Empey, John Parker-Jones, Billy Sweezey, Mason Geertsen, Will Riedell

Scratches
Chris Wideman (Left Hand Injury), Logan O'Connor (Healthy), Farm Goalie 17 (Healthy)

% Time on Ice - Flames

Lines # - Real PCT - Wanted PCT - Time Play
Normal Forward
1 - 24% - 25% - 10:13
2 - 25% - 25% - 10:31
3 - 27% - 25% - 11:24
4 - 24% - 25% - 10:18
Normal Defense
1 - 34% - 34% - 14:24
2 - 36% - 32% - 15:07
3 - 29% - 30% - 12:08
4 - 2% - 4% - 0:47
PP Forward
1 - 52% - 50% - 9:12
2 - 48% - 50% - 8:22
PP Defense
1 - 49% - 50% - 8:39
2 - 51% - 50% - 8:55
PK Forward
1 - 0% - 50%
2 - 0% - 50%
PK Defense
1 - 0% - 50%
2 - 0% - 50%
PK3 Forward
1 - 0% - 50%
2 - 0% - 50%
PK3 Defense
1 - 0% - 50%
2 - 0% - 50%
44 Forward
1 - 0% - 50%
2 - 0% - 50%
44 Defense
1 - 0% - 50%
2 - 0% - 50%
Last Minute Offensive  - 0:00
Last Minute Defensive  - 0:00
Total
Forward - 60:00
Defense - 60:00

% Time on Ice - Kings

Lines # - Real PCT - Wanted PCT - Time Play
Normal Forward
1 - 21% - 25% - 8:48
2 - 27% - 25% - 11:32
3 - 30% - 25% - 12:38
4 - 22% - 25% - 9:28
Normal Defense
1 - 29% - 25% - 12:19
2 - 22% - 25% - 9:18
3 - 26% - 25% - 11:05
4 - 23% - 25% - 9:44
PP Forward
1 - 0% - 60%
2 - 0% - 40%
PP Defense
1 - 0% - 60%
2 - 0% - 40%
PK Forward
1 - 67% - 60% - 11:49
2 - 33% - 40% - 5:45
PK Defense
1 - 56% - 60% - 9:45
2 - 44% - 40% - 7:49
PK3 Forward
1 - 0% - 60%
2 - 0% - 40%
PK3 Defense
1 - 0% - 60%
2 - 0% - 40%
44 Forward
1 - 0% - 60%
2 - 0% - 40%
44 Defense
1 - 0% - 60%
2 - 0% - 40%
Last Minute Offensive  - 0:00
Last Minute Defensive  - 0:00
Total
Forward - 60:00
Defense - 60:00

Play-by-Play

1st period


0:01 of 1st period - Vincent Arseneau wins face-off versus Mark Stone in neutral zone.
0:09 of 1st period - Shot by Josh Healey.
0:09 of 1st period - Shot Misses the Net.
0:51 of 1st period - Alex DeBrincat is hit by Tyson Empey and loses puck.
1:02 of 1st period - Shot by Ryan McLeod.
1:02 of 1st period - Shot Misses the Net.
1:04 of 1st period - Shot by Ryan McLeod.
1:04 of 1st period - Stopped by Spencer Knight without a rebound.
1:05 of 1st period - Joey Abate wins face-off versus Alexander Wennberg in Flames zone.
1:16 of 1st period - Shot by Mason Geertsen.
1:16 of 1st period - Stopped by Spencer Knight without a rebound.
1:17 of 1st period - Ryan McLeod wins face-off versus Nico Sturm in Flames zone.
1:46 of 1st period - Shot by Ryan McLeod.
1:46 of 1st period - Deflect By Brandon Baddock.
1:46 of 1st period - Stopped by Spencer Knight without a rebound.
1:47 of 1st period - Brayden Schenn wins face-off versus Pierre-Cedric Labrie in Flames zone.
1:59 of 1st period - Will Riedell is hit by Jake DeBrusk and loses puck.
2:08 of 1st period - Shot by Jake DeBrusk.
2:08 of 1st period - Shot Misses the Net.
2:10 of 1st period - Shot by Brayden Schenn.
2:10 of 1st period - Goal by Brayden Schenn - Flames : 1 - Kings : 0.
2:11 of 1st period - Jesperi Kotkaniemi wins face-off versus Alexander Wennberg in neutral zone.
2:31 of 1st period - Shot by Jesperi Kotkaniemi.
2:31 of 1st period - Shot Blocked by Colton Parayko.
4:05 of 1st period - Shot by Jake DeBrusk.
4:05 of 1st period - Stopped by Dylan Wells without a rebound.
4:06 of 1st period - Ryan McLeod wins face-off versus Alex DeBrincat in Kings zone.
4:18 of 1st period - Alex DeBrincat is hit by Josh Healey and loses puck.
4:25 of 1st period - Shot by Adam Fox.
4:25 of 1st period - Stopped by Dylan Wells without a rebound.
4:26 of 1st period - Joey Abate wins face-off versus Brayden Schenn in Kings zone.
4:39 of 1st period - Shot by Jake DeBrusk.
4:39 of 1st period - Shot Misses the Net.
4:43 of 1st period - Shot by Jared McCann.
4:43 of 1st period - Goal by Jared McCann - Flames : 2 - Kings : 0.
4:44 of 1st period - Brandon Baddock wins face-off versus Noah Cates in neutral zone.
4:53 of 1st period - Shot by Ryan McLeod.
4:53 of 1st period - Stopped by Spencer Knight with a rebound.
4:55 of 1st period - Shot by Cedric Lacroix.
4:55 of 1st period - Stopped by Spencer Knight without a rebound.
4:56 of 1st period - Jamie Devane wins face-off versus Brayden Schenn in Flames zone.
4:56 of 1st period - Joey Abate is hit by Ryan Lindgren and loses puck.
5:20 of 1st period - Jared McCann is hit by Will Riedell and loses puck.
5:24 of 1st period - Icing by Mason Geertsen.
5:25 of 1st period - Alexander Wennberg wins face-off versus Joey Abate in Kings zone.
6:07 of 1st period - Shot by Alexander Wennberg.
6:07 of 1st period - Shot Misses the Net.
6:30 of 1st period - Jordan Greenway is hit by Nick Leddy and loses puck.
6:50 of 1st period - John Parker-Jones is hit by Kirby Dach and loses puck.
7:18 of 1st period - Shot by Anthony Cirelli.
7:18 of 1st period - Stopped by Dylan Wells with a rebound.
7:47 of 1st period - Icing by John Parker-Jones.
7:48 of 1st period - Brayden Schenn wins face-off versus Vincent Arseneau in Kings zone.
7:51 of 1st period - Shot by Jared McCann.
7:51 of 1st period - Shot Misses the Net.
8:15 of 1st period - Jamie Devane is hit by Colton Parayko and loses puck.
8:27 of 1st period - Shot by Pierre-Cedric Labrie.
8:27 of 1st period - Stopped by Spencer Knight without a rebound.
8:28 of 1st period - Ryan McLeod wins face-off versus Drake Batherson in Flames zone.
8:33 of 1st period - Shot by Ryan McLeod.
8:33 of 1st period - Deflect By Brandon Baddock.
8:33 of 1st period - Shot Blocked by Adam Fox.
8:58 of 1st period - Off-side.
8:59 of 1st period - Nico Sturm wins face-off versus Joey Abate in neutral zone.
9:06 of 1st period - Shot by Nico Sturm.
9:06 of 1st period - Stopped by Dylan Wells without a rebound.
9:07 of 1st period - Anthony Cirelli wins face-off versus Joey Abate in Kings zone.
9:12 of 1st period - Shot by Alex DeBrincat.
9:12 of 1st period - Stopped by Dylan Wells with a rebound.
9:18 of 1st period - J.J. Moser is hit by Jamie Devane and loses puck.
9:38 of 1st period - Shot by Joey Abate.
9:38 of 1st period - Deflect By Pierre-Cedric Labrie.
9:38 of 1st period - Shot Blocked by Ryan Lindgren.
9:52 of 1st period - Shot by Ryan McLeod.
9:52 of 1st period - Stopped by Spencer Knight without a rebound.
9:53 of 1st period - Nico Sturm wins face-off versus Ryan McLeod in Flames zone.
9:53 of 1st period - Nico Sturm is hit by Brandon Baddock.
10:02 of 1st period - Minor Penalty to Jerad Rosburg for Holding.
10:03 of 1st period - Brayden Schenn wins face-off versus Brandon Baddock in Kings zone.
10:22 of 1st period - Shot by Drake Batherson.
10:22 of 1st period - Shot Misses the Net.
10:36 of 1st period - Shot by Drake Batherson.
10:36 of 1st period - Stopped by Dylan Wells without a rebound.
10:37 of 1st period - Anthony Cirelli wins face-off versus Mitch McLain in Kings zone.
10:38 of 1st period - Shot by Mark Stone.
10:38 of 1st period - Shot Misses the Net.
10:40 of 1st period - Shot by Alex DeBrincat.
10:40 of 1st period - Stopped by Dylan Wells without a rebound.
10:41 of 1st period - Brandon Baddock wins face-off versus Jake DeBrusk in Kings zone.
10:50 of 1st period - Shot by Mark Stone.
10:50 of 1st period - Stopped by Dylan Wells with a rebound.
10:52 of 1st period - Shot by Jake DeBrusk.
10:52 of 1st period - Stopped by Dylan Wells without a rebound.
10:53 of 1st period - Brayden Schenn wins face-off versus Brandon Baddock in Kings zone.
10:53 of 1st period - Mark Stone is hit by Mason Geertsen.
10:57 of 1st period - Shot by Brayden Schenn.
10:57 of 1st period - Shot Misses the Net.
11:19 of 1st period - Shot by Mark Stone.
11:19 of 1st period - Goal by Mark Stone - Flames : 3 - Kings : 0.
11:20 of 1st period - Nico Sturm wins face-off versus Jesperi Kotkaniemi in neutral zone.
12:12 of 1st period - Shot by Alexander Wennberg.
12:12 of 1st period - Stopped by Dylan Wells without a rebound.
12:13 of 1st period - Brayden Schenn wins face-off versus Cedric Lacroix in Kings zone.
12:38 of 1st period - Shot by Jared McCann.
12:38 of 1st period - Stopped by Dylan Wells without a rebound.
12:39 of 1st period - Alexander Wennberg wins face-off versus Joey Abate in Kings zone.
12:55 of 1st period - Drake Batherson is hit by Will Riedell and loses puck.
13:11 of 1st period - Icing by Drake Batherson.
13:12 of 1st period - Alexander Wennberg wins face-off versus Jesperi Kotkaniemi in Flames zone.
13:12 of 1st period - Alexander Wennberg is hit by Jesperi Kotkaniemi.
13:25 of 1st period - Minor Penalty to Billy Sweezey for Slashing.
13:26 of 1st period - Anthony Cirelli wins face-off versus Brandon Baddock in Kings zone.
13:35 of 1st period - Shot by Adam Fox.
13:35 of 1st period - Shot Misses the Net.
13:37 of 1st period - Shot by Jake DeBrusk.
13:37 of 1st period - Shot Misses the Net.
13:48 of 1st period - Alex DeBrincat is hit by Jerad Rosburg and loses puck.
14:24 of 1st period - Shot by Kirby Dach.
14:24 of 1st period - Stopped by Dylan Wells without a rebound.
14:25 of 1st period - Brayden Schenn wins face-off versus Brandon Baddock in Kings zone.
14:25 of 1st period - Drake Batherson is hit by Josh Healey.
14:27 of 1st period - Shot by J.J. Moser.
14:27 of 1st period - Stopped by Dylan Wells without a rebound.
14:28 of 1st period - Brayden Schenn wins face-off versus Brandon Baddock in Kings zone.
14:37 of 1st period - Shot by Jared McCann.
14:37 of 1st period - Stopped by Dylan Wells without a rebound.
14:38 of 1st period - Brayden Schenn wins face-off versus Mitch McLain in Kings zone.
15:03 of 1st period - Shot by Drake Batherson.
15:03 of 1st period - Shot Misses the Net.
15:35 of 1st period - Shot by Joey Abate.
15:35 of 1st period - Shot Blocked by Colton Parayko.
15:37 of 1st period - Shot by Pierre-Cedric Labrie.
15:37 of 1st period - Stopped by Spencer Knight with a rebound.
16:09 of 1st period - Alex DeBrincat is hit by Billy Sweezey and loses puck.
16:45 of 1st period - Icing by Alex DeBrincat.
16:46 of 1st period - Ryan McLeod wins face-off versus Mark Stone in Flames zone.
17:08 of 1st period - Jake DeBrusk is hit by Jerad Rosburg and loses puck.
17:38 of 1st period - Icing by Josh Healey.
17:39 of 1st period - Nico Sturm wins face-off versus Ryan McLeod in Kings zone.
17:39 of 1st period - Minor Penalty to Jerad Rosburg for High sticking.
17:40 of 1st period - Brandon Baddock wins face-off versus Brayden Schenn in Kings zone.
18:11 of 1st period - Shot by Brayden Schenn.
18:11 of 1st period - Stopped by Dylan Wells without a rebound.
18:12 of 1st period - Anthony Cirelli wins face-off versus Brandon Baddock in Kings zone.
18:39 of 1st period - Shot by Adam Fox.
18:39 of 1st period - Stopped by Dylan Wells with a rebound.
Goals for this period are 3 for Flames vs 0 for Kings.
Shots for this period are 19 for Flames vs 8 for Kings.

2nd period


0:01 of 2nd period - Vincent Arseneau wins face-off versus Yegor Sharangovich in neutral zone.
0:15 of 2nd period - Icing by Adam Fox.
0:16 of 2nd period - Nico Sturm wins face-off versus Ryan McLeod in Flames zone.
0:43 of 2nd period - Shot by Kirby Dach.
0:43 of 2nd period - Shot Misses the Net.
1:15 of 2nd period - Shot by Jake DeBrusk.
1:15 of 2nd period - Goal by Jake DeBrusk - Flames : 4 - Kings : 0.
1:16 of 2nd period - Alexander Wennberg wins face-off versus Joey Abate in neutral zone.
1:43 of 2nd period - Shot by Jamie Devane.
1:43 of 2nd period - Shot Blocked by Brian Dumoulin.
1:45 of 2nd period - Shot by Pierre-Cedric Labrie.
1:45 of 2nd period - Shot Misses the Net.
1:49 of 2nd period - Shot by Joey Abate.
1:49 of 2nd period - Shot Misses the Net.
1:56 of 2nd period - Icing by Colton Parayko.
1:57 of 2nd period - Noah Cates wins face-off versus Vincent Arseneau in Flames zone.
2:02 of 2nd period - Shot by Drake Batherson.
2:02 of 2nd period - Shot Misses the Net.
2:04 of 2nd period - Shot by Brian Dumoulin.
2:04 of 2nd period - Stopped by Dylan Wells with a rebound.
2:06 of 2nd period - Shot by Brian Dumoulin.
2:06 of 2nd period - Stopped by Dylan Wells without a rebound.
2:07 of 2nd period - Brayden Schenn wins face-off versus Jesperi Kotkaniemi in Kings zone.
2:31 of 2nd period - Brayden Schenn is hit by Josh Healey and loses puck.
2:44 of 2nd period - Shot by Jake DeBrusk.
2:44 of 2nd period - Shot Misses the Net.
2:46 of 2nd period - Shot by Jared McCann.
2:46 of 2nd period - Shot Misses the Net.
2:48 of 2nd period - Shot by Nick Leddy.
2:48 of 2nd period - Shot Blocked by Vincent Arseneau.
3:12 of 2nd period - Shot by Ryan McLeod.
3:12 of 2nd period - Deflect By Brandon Baddock.
3:12 of 2nd period - Shot Misses the Net.
3:47 of 2nd period - Shot by Anthony Cirelli.
3:47 of 2nd period - Stopped by Dylan Wells without a rebound.
3:48 of 2nd period - Joey Abate wins face-off versus Alexander Wennberg in Kings zone.
3:48 of 2nd period - Joey Abate is hit by Noah Cates.
4:16 of 2nd period - Shot by Drake Batherson.
4:16 of 2nd period - Deflect By Noah Cates.
4:16 of 2nd period - Stopped by Dylan Wells without a rebound.
4:17 of 2nd period - Anthony Cirelli wins face-off versus Vincent Arseneau in Kings zone.
5:11 of 2nd period - Shot by Jared McCann.
5:11 of 2nd period - Shot Misses the Net.
5:43 of 2nd period - Shot by Brayden Schenn.
5:43 of 2nd period - Shot Misses the Net.
5:50 of 2nd period - Icing by John Parker-Jones.
5:51 of 2nd period - Nico Sturm wins face-off versus Vincent Arseneau in Kings zone.
6:26 of 2nd period - Shot by Kirby Dach.
6:26 of 2nd period - Shot Misses the Net.
6:28 of 2nd period - Shot by Nico Sturm.
6:28 of 2nd period - Shot Misses the Net.
6:58 of 2nd period - Minor Penalty to Will Riedell for Interference.
6:59 of 2nd period - Anthony Cirelli wins face-off versus Jesperi Kotkaniemi in Kings zone.
7:00 of 2nd period - Shot by Adam Fox.
7:00 of 2nd period - Shot Misses the Net.
7:02 of 2nd period - Shot by Alex DeBrincat.
7:02 of 2nd period - Stopped by Dylan Wells without a rebound.
7:03 of 2nd period - Jake DeBrusk wins face-off versus Brandon Baddock in Kings zone.
7:15 of 2nd period - Alex DeBrincat is hit by Josh Healey and loses puck.
7:22 of 2nd period - Shot by Alex DeBrincat.
7:22 of 2nd period - Shot Misses the Net.
7:24 of 2nd period - Shot by Alex DeBrincat.
7:24 of 2nd period - Shot Blocked by Josh Healey.
7:26 of 2nd period - Shot by Anthony Cirelli.
7:26 of 2nd period - Stopped by Dylan Wells without a rebound.
7:27 of 2nd period - Jesperi Kotkaniemi wins face-off versus Brayden Schenn in Kings zone.
8:19 of 2nd period - Icing by Jake DeBrusk.
8:20 of 2nd period - Mitch McLain wins face-off versus Anthony Cirelli in Flames zone.
8:56 of 2nd period - Shot by Mark Stone.
8:56 of 2nd period - Shot Blocked by Mason Geertsen.
9:01 of 2nd period - Noah Cates is hit by Will Riedell and loses puck.
9:06 of 2nd period - Shot by Noah Cates.
9:06 of 2nd period - Shot Blocked by John Parker-Jones.
9:08 of 2nd period - Shot by Colton Parayko.
9:08 of 2nd period - Shot Hit the Post.
9:10 of 2nd period - Shot by Alexander Wennberg.
9:10 of 2nd period - Shot Misses the Net.
9:12 of 2nd period - Shot by Drake Batherson.
9:12 of 2nd period - Stopped by Dylan Wells without a rebound.
9:13 of 2nd period - Nico Sturm wins face-off versus Jesperi Kotkaniemi in Kings zone.
9:22 of 2nd period - Shot by Nico Sturm.
9:22 of 2nd period - Shot Misses the Net.
9:30 of 2nd period - Shot by Teuvo Teravainen.
9:30 of 2nd period - Stopped by Spencer Knight without a rebound.
9:31 of 2nd period - Jamie Devane wins face-off versus Alexander Wennberg in Flames zone.
9:48 of 2nd period - Shot by Noah Cates.
9:48 of 2nd period - Shot Misses the Net.
9:50 of 2nd period - Shot by Nick Leddy.
9:50 of 2nd period - Shot Misses the Net.
9:53 of 2nd period - Drake Batherson is hit by Billy Sweezey and loses puck.
9:55 of 2nd period - Minor Penalty to Billy Sweezey for Hooking.
9:56 of 2nd period - Anthony Cirelli wins face-off versus Brandon Baddock in Kings zone.
9:56 of 2nd period - Anthony Cirelli is hit by Jerad Rosburg.
9:58 of 2nd period - Shot by J.J. Moser.
9:58 of 2nd period - Stopped by Dylan Wells without a rebound.
9:59 of 2nd period - Brandon Baddock wins face-off versus Anthony Cirelli in Kings zone.
10:08 of 2nd period - Shot by Alex DeBrincat.
10:08 of 2nd period - Shot Misses the Net.
10:45 of 2nd period - Off-side.
10:46 of 2nd period - Brayden Schenn wins face-off versus Brandon Baddock in neutral zone.
11:17 of 2nd period - Shot by Drake Batherson.
11:17 of 2nd period - Stopped by Dylan Wells without a rebound.
11:18 of 2nd period - Mitch McLain wins face-off versus Anthony Cirelli in Kings zone.
11:18 of 2nd period - Mitch McLain is hit by Anthony Cirelli.
11:42 of 2nd period - Shot by Jake DeBrusk.
11:42 of 2nd period - Stopped by Dylan Wells without a rebound.
11:43 of 2nd period - Brayden Schenn wins face-off versus Brandon Baddock in Kings zone.
12:01 of 2nd period - Alexander Wennberg is hit by Billy Sweezey and loses puck.
12:47 of 2nd period - Shot by Nico Sturm.
12:47 of 2nd period - Deflect By Kirby Dach.
12:47 of 2nd period - Shot Hit the Post.
12:57 of 2nd period - Yegor Sharangovich is hit by Jesperi Kotkaniemi and loses puck.
13:12 of 2nd period - Joey Abate is hit by Nico Sturm and loses puck.
13:29 of 2nd period - Mason Geertsen is hit by Alex DeBrincat and loses puck.
13:48 of 2nd period - Ryan McLeod is hit by Alex DeBrincat and loses puck.
14:55 of 2nd period - Icing by Jerad Rosburg.
14:56 of 2nd period - Ryan McLeod wins face-off versus Alexander Wennberg in Kings zone.
14:56 of 2nd period - Ryan McLeod is hit by Drake Batherson.
15:42 of 2nd period - Adam Fox is hit by Joey Abate and loses puck.
15:46 of 2nd period - Noah Cates is hit by Billy Sweezey and loses puck.
15:54 of 2nd period - Icing by Billy Sweezey.
15:55 of 2nd period - Joey Abate wins face-off versus Anthony Cirelli in Kings zone.
16:02 of 2nd period - Minor Penalty to Billy Sweezey for Hooking.
16:03 of 2nd period - Anthony Cirelli wins face-off versus Jordan Greenway in Kings zone.
16:12 of 2nd period - Shot by Kirby Dach.
16:12 of 2nd period - Stopped by Dylan Wells with a rebound.
16:31 of 2nd period - Shot by Jake DeBrusk.
16:31 of 2nd period - Shot Misses the Net.
16:33 of 2nd period - Shot by Anthony Cirelli.
16:33 of 2nd period - Shot Blocked by Will Riedell.
16:35 of 2nd period - Shot by Jake DeBrusk.
16:35 of 2nd period - Goal by Jake DeBrusk - Flames : 5 - Kings : 0.
16:36 of 2nd period - Nico Sturm wins face-off versus Teuvo Teravainen in neutral zone.
16:39 of 2nd period - Shot by Colton Parayko.
16:39 of 2nd period - Shot Blocked by Teuvo Teravainen.
16:41 of 2nd period - Shot by Colton Parayko.
16:41 of 2nd period - Shot Misses the Net.
16:53 of 2nd period - Shot by Teuvo Teravainen.
16:53 of 2nd period - Stopped by Spencer Knight with a rebound.
17:01 of 2nd period - Shot by Kirby Dach.
17:01 of 2nd period - Stopped by Dylan Wells with a rebound.
17:03 of 2nd period - Shot by Nico Sturm.
17:03 of 2nd period - Shot Misses the Net.
17:49 of 2nd period - Minor Penalty to Pierre-Cedric Labrie for Tripping.
17:50 of 2nd period - Brandon Baddock wins face-off versus Anthony Cirelli in Kings zone.
18:03 of 2nd period - Shot by Mark Stone.
18:03 of 2nd period - Shot Misses the Net.
18:05 of 2nd period - Shot by Mark Stone.
18:05 of 2nd period - Stopped by Dylan Wells without a rebound.
18:06 of 2nd period - Brayden Schenn wins face-off versus Brandon Baddock in Kings zone.
18:15 of 2nd period - Shot by Jared McCann.
18:15 of 2nd period - Stopped by Dylan Wells with a rebound.
18:29 of 2nd period - Shot by Kirby Dach.
18:29 of 2nd period - Stopped by Dylan Wells with a rebound.
18:39 of 2nd period - Shot by Jared McCann.
18:39 of 2nd period - Stopped by Dylan Wells without a rebound.
18:40 of 2nd period - Mitch McLain wins face-off versus Anthony Cirelli in Kings zone.
19:13 of 2nd period - Shot by Mark Stone.
19:13 of 2nd period - Shot Misses the Net.
19:32 of 2nd period - Brayden Schenn is hit by Will Riedell and loses puck.
19:51 of 2nd period - Shot by Drake Batherson.
19:51 of 2nd period - Shot Misses the Net.
Goals for this period are 2 for Flames vs 0 for Kings.
Shots for this period are 18 for Flames vs 2 for Kings.

3rd period


0:01 of 3rd period - Vincent Arseneau wins face-off versus Brayden Schenn in neutral zone.
0:34 of 3rd period - Vincent Arseneau is hit by Brayden Schenn and loses puck.
0:53 of 3rd period - Icing by Tyson Empey.
0:54 of 3rd period - Anthony Cirelli wins face-off versus Vincent Arseneau in Kings zone.
0:54 of 3rd period - Anthony Cirelli is hit by Tyson Empey.
0:59 of 3rd period - Icing by Billy Sweezey.
1:00 of 3rd period - Vincent Arseneau wins face-off versus Anthony Cirelli in Kings zone.
1:12 of 3rd period - Minor Penalty to Jamie Devane for Roughing.
1:13 of 3rd period - Anthony Cirelli wins face-off versus Brandon Baddock in Kings zone.
1:17 of 3rd period - Shot by Alex DeBrincat.
1:17 of 3rd period - Stopped by Dylan Wells without a rebound.
1:18 of 3rd period - Drake Batherson wins face-off versus Brandon Baddock in Kings zone.
1:43 of 3rd period - Shot by Mark Stone.
1:43 of 3rd period - Shot Misses the Net.
3:21 of 3rd period - Shot by Nico Sturm.
3:21 of 3rd period - Deflect By Kirby Dach.
3:21 of 3rd period - Stopped by Dylan Wells without a rebound.
3:22 of 3rd period - Alexander Wennberg wins face-off versus Joey Abate in Kings zone.
3:45 of 3rd period - Shot by Noah Cates.
3:45 of 3rd period - Shot Misses the Net.
3:53 of 3rd period - Shot by Alexander Wennberg.
3:53 of 3rd period - Stopped by Dylan Wells without a rebound.
3:54 of 3rd period - Vincent Arseneau wins face-off versus Kirby Dach in Kings zone.
5:46 of 3rd period - Shot by Jake DeBrusk.
5:46 of 3rd period - Stopped by Dylan Wells with a rebound.
6:24 of 3rd period - Shot by Drake Batherson.
6:24 of 3rd period - Shot Blocked by Billy Sweezey.
6:34 of 3rd period - Shot by Drake Batherson.
6:34 of 3rd period - Shot Blocked by Billy Sweezey.
7:02 of 3rd period - Shot by Vincent Arseneau.
7:02 of 3rd period - Deflect By Jordan Greenway.
7:02 of 3rd period - Stopped by Spencer Knight without a rebound.
7:03 of 3rd period - Anthony Cirelli wins face-off versus Jesperi Kotkaniemi in Flames zone.
7:30 of 3rd period - Shot by Teuvo Teravainen.
7:30 of 3rd period - Shot Misses the Net.
8:07 of 3rd period - Off-side.
8:08 of 3rd period - Joey Abate wins face-off versus Jake DeBrusk in neutral zone.
8:11 of 3rd period - Shot by Jamie Devane.
8:11 of 3rd period - Stopped by Spencer Knight without a rebound.
8:12 of 3rd period - Brayden Schenn wins face-off versus Joey Abate in Flames zone.
8:37 of 3rd period - Shot by J.J. Moser.
8:37 of 3rd period - Stopped by Dylan Wells with a rebound.
8:42 of 3rd period - Icing by Tyson Empey.
8:43 of 3rd period - Nico Sturm wins face-off versus Joey Abate in Kings zone.
9:40 of 3rd period - Jordan Greenway is hit by Ryan Lindgren.
9:42 of 3rd period - Shot by Mitch McLain.
9:42 of 3rd period - Shot Misses the Net.
9:48 of 3rd period - Shot by Anthony Cirelli.
9:48 of 3rd period - Stopped by Dylan Wells with a rebound.
9:50 of 3rd period - Shot by Mark Stone.
9:50 of 3rd period - Deflect By Alex DeBrincat.
9:50 of 3rd period - Shot Misses the Net.
10:02 of 3rd period - Shot by Alex DeBrincat.
10:02 of 3rd period - Stopped by Dylan Wells without a rebound.
10:03 of 3rd period - Brayden Schenn wins face-off versus Brandon Baddock in Kings zone.
10:06 of 3rd period - Shot by Jake DeBrusk.
10:06 of 3rd period - Stopped by Dylan Wells without a rebound.
10:07 of 3rd period - Brayden Schenn wins face-off versus Ryan McLeod in Kings zone.
10:16 of 3rd period - Shot by Jake DeBrusk.
10:16 of 3rd period - Shot Misses the Net.
10:37 of 3rd period - Jared McCann is hit by Will Riedell and loses puck.
11:21 of 3rd period - Icing by Jerad Rosburg.
11:22 of 3rd period - Nico Sturm wins face-off versus Jesperi Kotkaniemi in Kings zone.
11:39 of 3rd period - Shot by Kirby Dach.
11:39 of 3rd period - Goal by Kirby Dach - Flames : 6 - Kings : 0.
11:40 of 3rd period - Alexander Wennberg wins face-off versus Joey Abate in neutral zone.
11:46 of 3rd period - Minor Penalty to Tyson Empey for Slashing.
11:47 of 3rd period - Brandon Baddock wins face-off versus Jake DeBrusk in Kings zone.
12:06 of 3rd period - Shot by Anthony Cirelli.
12:06 of 3rd period - Stopped by Dylan Wells with a rebound.
12:50 of 3rd period - Shot by Drake Batherson.
12:50 of 3rd period - Stopped by Dylan Wells without a rebound.
12:51 of 3rd period - Mitch McLain wins face-off versus Brayden Schenn in Kings zone.
13:18 of 3rd period - Shot by Brayden Schenn.
13:18 of 3rd period - Shot Misses the Net.
13:20 of 3rd period - Shot by Drake Batherson.
13:20 of 3rd period - Shot Blocked by Cedric Lacroix.
13:52 of 3rd period - Shot by Alexander Wennberg.
13:52 of 3rd period - Stopped by Dylan Wells without a rebound.
13:52 of 3rd period - Dylan Wells from Kings is injured at 13:52 of 3rd period (Fractured Metatarsal (Left Foot)).
13:52 of 3rd period - Maxime Lagace enters game.
13:53 of 3rd period - Nico Sturm wins face-off versus Joey Abate in Kings zone.
13:53 of 3rd period - Nico Sturm is hit by Josh Healey.
13:58 of 3rd period - Minor Penalty to Josh Healey for Interference.
13:59 of 3rd period - Brandon Baddock wins face-off versus Jake DeBrusk in Kings zone.
14:11 of 3rd period - Jake DeBrusk is hit by Tyson Empey and loses puck.
15:21 of 3rd period - Shot by Jared McCann.
15:21 of 3rd period - Shot Blocked by Will Riedell.
15:23 of 3rd period - Shot by Brayden Schenn.
15:23 of 3rd period - Shot Misses the Net.
15:25 of 3rd period - Shot by J.J. Moser.
15:25 of 3rd period - Stopped by Maxime Lagace with a rebound.
15:27 of 3rd period - Shot by J.J. Moser.
15:27 of 3rd period - Deflect By Jared McCann.
15:27 of 3rd period - Shot Misses the Net.
15:29 of 3rd period - Shot by Kirby Dach.
15:29 of 3rd period - Goal by Kirby Dach - Flames : 7 - Kings : 0.
15:30 of 3rd period - Joey Abate wins face-off versus Nico Sturm in neutral zone.
15:57 of 3rd period - Shot by Nico Sturm.
15:57 of 3rd period - Stopped by Maxime Lagace without a rebound.
15:58 of 3rd period - Alexander Wennberg wins face-off versus Mitch McLain in Kings zone.
16:03 of 3rd period - Shot by Adam Fox.
16:03 of 3rd period - Shot Misses the Net.
16:13 of 3rd period - Shot by Drake Batherson.
16:13 of 3rd period - Stopped by Maxime Lagace without a rebound.
16:14 of 3rd period - Jesperi Kotkaniemi wins face-off versus Anthony Cirelli in Kings zone.
16:14 of 3rd period - Jesperi Kotkaniemi is hit by Mark Stone.
16:19 of 3rd period - Jesperi Kotkaniemi is hit by Ryan Lindgren and loses puck.
16:40 of 3rd period - Shot by Jesperi Kotkaniemi.
16:40 of 3rd period - Shot Misses the Net.
16:45 of 3rd period - Alex DeBrincat is hit by Jerad Rosburg and loses puck.
16:52 of 3rd period - Shot by Alex DeBrincat.
16:52 of 3rd period - Stopped by Maxime Lagace with a rebound.
17:34 of 3rd period - Shot by Jamie Devane.
17:34 of 3rd period - Stopped by Spencer Knight with a rebound.
17:58 of 3rd period - Icing by Joey Abate.
17:59 of 3rd period - Drake Batherson wins face-off versus Joey Abate in Kings zone.
18:03 of 3rd period - Alexander Wennberg is hit by Billy Sweezey and loses puck.
18:05 of 3rd period - Minor Penalty to Billy Sweezey for Delaying the game.
18:06 of 3rd period - Mitch McLain wins face-off versus Anthony Cirelli in Kings zone.
18:21 of 3rd period - Shot by Alex DeBrincat.
18:21 of 3rd period - Stopped by Maxime Lagace with a rebound.
18:23 of 3rd period - Shot by Anthony Cirelli.
18:23 of 3rd period - Shot Misses the Net.
18:25 of 3rd period - Shot by Anthony Cirelli.
18:25 of 3rd period - Goal by Anthony Cirelli - Flames : 8 - Kings : 0.
18:26 of 3rd period - Ryan McLeod wins face-off versus Alexander Wennberg in neutral zone.
18:26 of 3rd period - Billy Sweezey is hit by Drake Batherson and loses puck.
18:33 of 3rd period - Ryan McLeod is hit by Drake Batherson.
18:40 of 3rd period - Icing by Colton Parayko.
18:41 of 3rd period - Vincent Arseneau wins face-off versus Noah Cates in Flames zone.
18:52 of 3rd period - Shot by Drake Batherson.
18:52 of 3rd period - Stopped by Maxime Lagace with a rebound.
19:23 of 3rd period - Icing by Mitch McLain.
19:24 of 3rd period - Vincent Arseneau wins face-off versus Anthony Cirelli in Kings zone.
19:37 of 3rd period - Shot by Alex DeBrincat.
19:37 of 3rd period - Shot Misses the Net.
19:39 of 3rd period - Shot by Anthony Cirelli.
19:39 of 3rd period - Stopped by Maxime Lagace without a rebound.
19:40 of 3rd period - Ryan McLeod wins face-off versus Brayden Schenn in Kings zone.
19:49 of 3rd period - Jake DeBrusk is hit by Brandon Baddock and loses puck.
19:57 of 3rd period - Icing by Ryan Lindgren.
19:58 of 3rd period - Joey Abate wins face-off versus Brayden Schenn in Flames zone.
Goals for this period are 3 for Flames vs 0 for Kings.
Shots for this period are 21 for Flames vs 3 for Kings.